 Dungeon Sprint DCSS version 0.26-a0-651-gb41185065b (webtiles) character file.

Game seed: 13494139704717787938

506 mhtbhm the Fighter (level 6, -1/99 HPs)
             Began as a Minotaur Fighter on Sept 30, 2020.
             Was a Follower of Okawaru.
             Slain by an unseen horror (8 damage)
             ... in the Dungeon (Sprint IX: "|||||||||||||||||||||||||||||").
             The game lasted 00:00:41 (433 turns).

mhtbhm the Fighter (Minotaur Fighter)                Turns: 433, Time: 00:00:42

Health: -1/99      AC: 11    Str: 23    XL:     6   Next: 97%
Magic:  5/5        EV: 12    Int:  5    God:    Okawaru [*.....]
Gold:   0          SH: 12    Dex: 12    Spells: 5/5 levels left

rFire    . . .     SeeInvis .   a - +2 scimitar (flame)
rCold    . . .     Faith    .   c - +0 kite shield
rNeg     . . .     Spirit   .   b - +2 ring mail
rPois    .         Reflect  .   (helmet restricted)
rElec    .         Harm     .   (no cloak)
rCorr    .         Rampage  .   p - +0 pair of gloves
MR       .....     NoTele   +   o - +0 pair of boots
Stlth    ..........             (no amulet)
HPRegen  0.26/turn              q - +3 ring of dexterity
MPRegen  0.09/turn              r - +2 ring of evasion

@: berserking, very quick
A: retaliatory headbutt, horns 2
a: Heroism, Renounce Religion


You were in the Dungeon.
You worshipped Okawaru.
Okawaru was aware of your devotion.
You visited 1 branch

Inventory:

Hand Weapons
 a - a +2 scimitar of flaming (weapon)
Armour
 b - a +2 ring mail (worn)
 c - a +0 kite shield (worn)
 o - a +0 pair of boots (worn)
 p - a +0 pair of gloves (worn)
Jewellery
 q - a +3 ring of dexterity (left hand)
 r - a +2 ring of evasion (right hand)
Wands
 n - a wand of acid (10)
Scrolls
 j - 2 scrolls of blinking
 l - 3 scrolls of remove curse
 m - 2 scrolls of amnesia
Potions
 d - a potion of might
 e - 5 potions of curing
 f - 3 potions of heal wounds
 g - a potion of haste
 h - 4 potions of magic
 k - a potion of invisibility


   Skills:
 + Level 9.7 Fighting
 + Level 9.6 Long Blades
 + Level 8.8 Armour
 + Level 2.1 Dodging
 + Level 0.3 Stealth
 + Level 9.6 Shields


You had 5 spell levels left.
You didn't know any spells.
Your spell library was empty.

Dungeon Overview and Level Annotations

Branches:
Dungeon (1/1)

Altars:
Cheibriados
Dithmenos
Elyvilon
Fedhas
Gozag
Hepliaklqana
Kikubaaqudgha
Makhleb
Nemelex Xobeh
Okawaru
Qazlal
Ru
Sif Muna
Trog
Uskayaw
Vehumet
Wu Jian
Xom
Yredelemnul
Zin
The Shining One
Beogh
Jiyva
Lugonu


Innate Abilities, Weirdness & Mutations

You reflexively headbutt those who attack you in melee.
You have a pair of horns on your head.


Message History

* * * LOW HITPOINT WARNING * * *
You slash the gargoyle! You burn the gargoyle.
You destroy the gargoyle!
Okawaru is honoured by your kill.
You can now gain great but temporary skills.
Your Fighting skill increases to level 9!
Your Long Blades skill gained 2 levels and is now at level 9!
Your Armour skill increases to level 8!
Your Dodging skill gained 2 levels and is now at level 2!
Your Shields skill increases to level 9!
You have reached level 6!
Your experience leads to an increase in your attributes!
Your base attributes are Str 22, Int 5, Dex 9.
Increase (S)trength, (I)ntelligence, or (D)exterity?
You feel stronger. Something hits you but does no damage.
Deactivating autopickup; reactivate with Ctrl-A.
Unknown command.
You miss something. Something hits you!
You die...

▓.▓
▓)▓
▓)▓
▓.▓
▓[▓
▓.▓
▓.▓
▓.▓
▓@▓
▓)▓
▓S▓
▓.▓
▓.▓
▓.▓
▓.▓
▓+▓


You could see an adder.

Vanquished Creatures
  A gargoyle (D)
  An ogre (D)
  A centaur (D)
  2 hounds (D)
  3 orcs (D)
  A goblin (D)
  2 hobgoblins (D)
  A quokka (D)
  A bat (D)
  A kobold (D)
14 creatures vanquished.

Notes
Turn   | Place    | Note
-------+----------+-------------------------------------------
     0 | D        | mhtbhm the Minotaur Fighter began the quest for the Orb.
     0 | D        | Reached XP level 1. HP: 19/19 MP: 0/0
   117 | D        | Noticed a hound
   117 | D        | Noticed an ogre
   117 | D        | Noticed a hound
   117 | D        | Noticed a centaur
   119 | D        | Killed a hound
   119 | D        | Reached skill level 5 in Fighting
   119 | D        | Reached skill level 5 in Armour
   119 | D        | Reached skill level 5 in Shields
   119 | D        | Reached XP level 2. HP: 29/29 MP: 1/1
   119 | D        | Reached XP level 3. HP: 36/36 MP: 2/2
   125 | D        | Killed an ogre
   125 | D        | Reached skill level 5 in Long Blades
   125 | D        | Reached XP level 4. HP: 31/47 MP: 3/3
   131 | D        | Reached XP level 5. HP: 32/52 MP: 4/4
   138 | D        | Killed a centaur
   345 | D        | Found a roughly hewn altar of Beogh.
   345 | D        | Found a snail-covered altar of Cheibriados.
   345 | D        | Found a shadowy altar of Dithmenos.
   345 | D        | Found a white marble altar of Elyvilon.
   345 | D        | Found a blossoming altar of Fedhas.
   345 | D        | Found an opulent altar of Gozag.
   346 | D        | Found a hazy altar of Hepliaklqana.
   347 | D        | Found a viscous altar of Jiyva.
   348 | D        | Found an ancient bone altar of Kikubaaqudgha.
   349 | D        | Found a corrupted altar of Lugonu.
   350 | D        | Found a burning altar of Makhleb.
   351 | D        | Found a sparkling altar of Nemelex Xobeh.
   352 | D        | Found an iron altar of Okawaru.
   353 | D        | Found a stormy altar of Qazlal.
   354 | D        | Found a sacrificial altar of Ru.
   355 | D        | Found a shimmering blue altar of Sif Muna.
   356 | D        | Found a bloodstained altar of Trog.
   357 | D        | Found a hide-covered altar of Uskayaw.
   358 | D        | Found a radiant altar of Vehumet.
   359 | D        | Found an ornate altar of the Wu Jian Council.
   360 | D        | Became a worshipper of Warmaster Okawaru
   361 | D        | Found a shimmering altar of Xom.
   362 | D        | Found a basalt altar of Yredelemnul.
   363 | D        | Found a glowing silver altar of Zin.
   364 | D        | Found a glowing golden altar of the Shining One.
   419 | D        | Noticed a gargoyle
   432 | D        | Killed a gargoyle
   432 | D        | Reached * piety under Okawaru
   432 | D        | Reached XP level 6. HP: 7/66 MP: 5/5
   433 | D        | Slain by an unseen horror

Illustrated notes

Levels and vault maps discovered:
D:        linesprint [early_d, line_temple, items_1, d_10, items_2, lair_1,
          lair_end, items_3, orc_1, orc_end, items_4, d_15, swamp_1, shoals_1,
          snake_1, spider_1, d_20, vaults_1, items_5, swamp_end, shoals_end,
          snake_end, spider_end, vaults_end, d_27, items_6, zot_1, zot_end,
          crypt_end, forest_end, elf_end, slime_end, tomb_end, abyss_end,
          pan_hell_end]

Skill      XL: |  1  2  3  4  5 |
---------------+----------------+-----
Fighting       | 5 7 9 |  9.7
Armour         | 5 6 8 |  8.8
Shields        | 5 7 9 |  9.6
Long Blades    | 3 5 6 9 |  9.6
Dodging        | 2 |  2.1
Stealth        | |  0.3

Action                   |  1- 3 |  4- 6 || total
-------------------------+-------+-------++-------
Melee: Long sword        |    15 |    12 ||    27
       Headbutt          |     4 |     5 ||     9
       Scimitar          |       |    12 ||    12
  Use: Potion            |       |     1 ||     1
Armor: Scale mail        |     2 |     4 ||     6
       Ring mail         |       |     3 ||     3
Dodge: Dodged            |     5 |     6 ||    11
Block: Kite shield       |     4 |     9 ||    13
       Rpst.: Long sword |     3 |     2 ||     5
       Scimitar          |       |     1 ||     1

Table legend: (Time is in decaauts)
 A = Elapsed time spent in this place.
 B = Non-inter-level travel time spent in this place.
 C = Inter-level travel time spent in this place.
 D = Time resting spent in this place.
 E = Time spent auto-exploring this place.
 F = Levels seen in this place.
 G = Mean time per level.
                   A        B        C        D        E       F      G
               +--------+--------+--------+--------+--------+-----+--------+
         Total |    437 |    437 |      0 |    297 |      3 |   1 |  437.0 |
       Dungeon |    437 |    437 |      0 |    297 |      3 |   1 |  437.0 |
               +--------+--------+--------+--------+--------+-----+--------+

Top non-repeatable levels by time:
       D: 437 daAuts
